 Dungeon Crawl Stone Soup version 0.28-a0-1152-g9c71ebef14 (webtiles) character file.

Game seed: 10367296873695583415

38 spaghetti the Skirmisher (level 3, 0/31 HPs)
             Began as a Mummy Delver on Dec 14, 2021.
             Was an Initiate of Gozag.
             Slain by a water moccasin skeleton (4 damage)
             ... on level 5 of the Dungeon.
             The game lasted 00:01:13 (682 turns).

spaghetti the Skirmisher (Mummy Delver)              Turns: 682, Time: 00:01:14

Health: 0/31       AC:  3    Str: 17    XL:     3   Next: 25%
Magic:  3/3        EV: 11    Int:  9    God:    Gozag
Gold:   56         SH:  0    Dex: 13    Spells: 2/2 levels left

rFire   x . .      SeeInvis .   a - +0 falchion {long}
rCold   + . .      Faith    .   (no shield)
rNeg    + + +      Spirit   .   b - +0 leather armour
rPois   ∞          Reflect  .   (no helmet)
rElec   .          Harm     .   (no cloak)
rCorr   .          Rampage  .   (no gloves)
Will    .....                   (no boots)
Stlth   ++........              (no amulet)
HPRegen 0.10/turn               (no ring)
MPRegen 0.08/turn               (no ring)

@: no status effects
A: cold resistance 1, negative energy resistance 3, torment resistance 2, heat
vulnerability 1, no potions
a: Renounce Religion, Potion Petition, Call Merchant, Bribe Branch


You were on level 5 of the Dungeon.
You worshipped Gozag.
Gozag was noncommittal.
You visited 2 branches of the dungeon, and saw 4 of its levels.

You collected 98 gold pieces.
You paid 42 gold pieces to Gozag.


Innate Abilities, Weirdness & Mutations

You are immune to poison.
Your flesh is cold resistant. (rC+)
You are immune to negative energy. (rN+++)
You are immune to unholy pain and torment.
You are vulnerable to heat. (rF-)
You do not drink.


   Skills:
 + Level 4.4 Fighting
 - Level 1.5 Long Blades
 - Level 1.5 Dodging
 - Level 4.1 Stealth


You had 2 spell levels left.
You didn't know any spells.
Your spell library was empty.

Inventory:

Hand Weapons
 a - a +0 falchion (weapon) {long}
Missiles
 h - 25 arrows
 i - 7 stones (quivered) {throwing}
Armour
 b - a +0 leather armour (worn)
 g - a +0 kite shield
   (You found it on level 5 of the Dungeon)
Wands
 f - a wand of digging (3)
Scrolls
 c - a scroll of fog
 d - a scroll of magic mapping {!r}
 e - a scroll of fear

Dungeon Overview and Level Annotations

Branches:
Dungeon (6/15)             Temple (1/1) D:5

Altars:
Cheibriados
Gozag
Vehumet
Zin

###........#
##..........####
#...............
#.#..........##.
#####.#.............
##.).#...####........
##..)...............##
##..(.Z......######..#
#((...@......# #..#
#............# ####
#.#.........## #
##.......## #....#.##
#.####.# #. .. .. .. $


You could see a water moccasin skeleton.


Message History

Unknown command.
Found a stone staircase leading down.
Found a stone staircase leading up.
A phantom comes into view.
You see here 17 gold pieces.
You now have 56 gold pieces (gained 17).
There is a stone staircase leading up here.
You climb upwards.
There is a stone staircase leading down here.
Unknown command.
Unknown command.
i - 10 stones {throwing}
Found a stone staircase leading up.
There is a stone staircase leading up here.
A water moccasin skeleton comes into view.
Throw: 10 stones {throwing}
Press: ? - help, Q - select action, (/) - cycle Shift-Dir - straight line, f - water moccasin skeleton
Aim: a water moccasin skeleton (dormant, 98% to hit)
You throw a stone {throwing}.
The stone {throwing} hits the water moccasin skeleton but does no damage.
Throw: 9 stones {throwing}
Press: ? - help, Q - select action, (/) - cycle Shift-Dir - straight line, f/p - water moccasin skeleton
Aim: a water moccasin skeleton (67% to hit)
You throw a stone {throwing}.
The stone {throwing} hits the water moccasin skeleton but does no damage.
Throw: 8 stones {throwing}
Press: ? - help, Q - select action, (/) - cycle Shift-Dir - straight line, f/p - water moccasin skeleton
Aim: a water moccasin skeleton (67% to hit)
You throw a stone {throwing}.
The stone {throwing} closely misses the water moccasin skeleton.
Throw: 7 stones {throwing}
Press: ? - help, Q - select action, (/) - cycle Shift-Dir - straight line, f - you That would be overly suicidal.
Okay, then.
The water moccasin skeleton misses you.
You barely miss the water moccasin skeleton.
The water moccasin skeleton barely misses you.
The water moccasin skeleton bites you. 😕 HP[-2]
You take 2 damage, and now have 29/31 hp.
You barely miss the water moccasin skeleton.
The water moccasin skeleton bites you. 😕 HP[-4]
You take 4 damage, and now have 25/31 hp.
You hit the water moccasin skeleton. The water moccasin skeleton misses you.
The water moccasin skeleton bites you. 😮 HP[-6]
You take 6 damage, and now have 19/31 hp.
You barely miss the water moccasin skeleton.
The water moccasin skeleton barely misses you.
You barely miss the water moccasin skeleton.
The water moccasin skeleton closely misses you.
The water moccasin skeleton bites you.
* * * LOW HITPOINT WARNING * * *
😨 HP[-5]
You take 5 damage, and now have 14/31 hp.
You barely miss the water moccasin skeleton.
The water moccasin skeleton bites you.
* * * LOW HITPOINT WARNING * * *
😨 HP[-5]
You take 5 damage, and now have 9/31 hp.
Unknown command.
Unknown command.
Unknown command.
You can't drink.
Unknown command.
Okay, then.
Okay, then.
The water moccasin skeleton completely misses you.
Okay, then.
Unknown command.
Okay, then.
Unknown command.
You can't drink.
You slash the water moccasin skeleton! The water moccasin skeleton bites you.
* * * LOW HITPOINT WARNING * * *
😱 HP[-3]
You take 3 damage, and now have 6/31 hp.
Unknown command.
Unknown command.
Unknown command.
You slash the water moccasin skeleton!
The water moccasin skeleton bites you but does no damage.
The water moccasin skeleton bites you.
* * * LOW HITPOINT WARNING * * *
😱 HP[-2]
You take 2 damage, and now have 4/31 hp.
Unknown command.
Unknown command.
You hit the water moccasin skeleton but do no damage.
The water moccasin skeleton misses you.
You slash the water moccasin skeleton!
The water moccasin skeleton closely misses you.
Unknown command.
Unknown command.
You closely miss the water moccasin skeleton.
The water moccasin skeleton bites you but does no damage.
The water moccasin skeleton bites you.
You die...
Your body crumbles into a pile of gold.

Skill      XL: |  1 |
---------------+----+-----
Fighting       | 4 |  4.4
Long Blades    | |  1.5
Dodging        | |  1.5
Stealth        | |  4.1

Action                   || total
-------------------------++-------
Melee: Falchion          ||    28
Throw: Stone             ||     3
Armor: Leather armour    ||     6
Dodge: Dodged            ||    21

Levels and vault maps discovered:
D:4:      layout_rooms, serial_shops, shop, shop_statue,
          nicolae_shop_behind_doors, nicolae_shop_trees, uniq_eustachio
D:5:      layout_rooms, minmay_temple_entry_hall, minmay_statues_item,
          lightli_minifort, uniq_sigmund
D:6:      layout_cave_pools
Temple:   eino_temple_scatter_basement

Notes
Turn   | Place    | Note
-------+----------+-------------------------------------------
     0 | D:5      | spaghetti the Mummy Delver began the quest for the Orb.
     0 | D:5      | Reached XP level 1. HP: 18/18 MP: 1/1
     0 | D:5      | magus.rc [v1.9.6]
    37 | D:5      | Found a staircase to the Ecumenical Temple.
    43 | Temple   | Entered the Ecumenical Temple
   102 | D:5      | Reached skill level 4 in Fighting
   102 | D:5      | Reached XP level 2. HP: 14/25 MP: 2/2
   102 | D:5      | Reached XP level 3. HP: 17/30 MP: 3/3
   299 | D:4      | Noticed a centaur
   430 | Temple   | Became a worshipper of Gozag Ym Sagoz the Greedy
   552 | D:5      | Noticed a black bear
   561 | D:6      | Noticed an ice beast
   575 | D:6      | Noticed a phantom
   678 | D:5      | HP: 6/31 [water moccasin skeleton (4)]
   682 | D:5      | Slain by a water moccasin skeleton

Vanquished Creatures
  A bullfrog skeleton (D:5)
  A white imp (D:5)
  An orc (D:5)
3 creatures vanquished.

Table legend:
 A = Non-vault XP
 B = Vault XP
 C = Vault XP percentage of total XP
 D = Non-vault monster count
 E = Vault monster count
 F = Vault count percentage of total count
                 A         B        C        D         E       F
            +---------+---------+-------+---------+---------+-------
      Total |      55 |       0 |   0.0 |       3 |       0 |   0.0
            +---------+---------+-------+---------+---------+-------
        D:5 |      55 |       0 |   0.0 |       3 |       0 |   0.0
            +---------+---------+-------+---------+---------+-------

Illustrated notes

Table legend:
 A = Kills in this place as a percentage of kills in entire the game.
 B = Kills by you in this place as a percentage of kills by you in the entire game.
 C = Kills by friends in this place as a percentage of kills by friends in the entire game.
 D = Other kills in this place as a percentage of other kills in the entire game.
 E = Experience gained in this place as a percentage of experience gained in the entire game.
 F = Experience gained in this place divided by the number of levels of this place that you have seen.
                   A       B       C       D       E      F
               +-------+-------+-------+-------+-------+----------------------
         Total | 100.0 | 100.0 |   N/A |   N/A | 100.0 |  13.8
       Dungeon | 100.0 | 100.0 |   N/A |   N/A | 100.0 |  18.3
               +-------+-------+-------+-------+-------+----------------------

Table legend: (Time is in decaauts)
 A = Elapsed time spent in this place.
 B = Non-inter-level travel time spent in this place.
 C = Inter-level travel time spent in this place.
 D = Time resting spent in this place.
 E = Time spent auto-exploring this place.
 F = Levels seen in this place.
 G = Mean time per level.
                   A        B        C        D        E       F      G
               +--------+--------+--------+--------+--------+-----+--------+
         Total |    690 |    642 |     48 |    229 |    288 |   4 |  172.5 |
       Dungeon |    649 |    619 |     30 |    229 |    286 |   3 |  216.3 |
        Temple |     40 |     22 |     18 |      0 |      2 |   1 |   40.0 |
               +--------+--------+--------+--------+--------+-----+--------+

Top non-repeatable levels by time:
     D:5: 625 daAuts
  Temple: 40 daAuts
     D:6: 22 daAuts
     D:4: 1 daAuts
